A - U25
MADISON MUSKIES @ WISCONSIN TIMBER RATTLERS
06/07/2052
 
TOP OF THE 1ST
South Bend Cubs batting - Pitching for Lake County Captains : LHP Everett Haines
Pitching: LHP Everett Haines
Batting: LHB Jackson Zarate 0-0: Foul Ball, location: 2F
0-1: Called Strike
0-2: Ground out 4-3 (Groundball, 4, EV 85.0 MPH)
Batting: RHB Anthony Woods 0-0: Ball
1-0: Foul Ball, location: 2F
1-1: Ball
2-1: Swinging Strike
2-2: Foul Ball, location: 2F
2-2: Foul Ball, location: 2F
2-2: Strikes out swinging
Batting: LHB Jason Perrilloux 0-0: Called Strike
0-1: Ball
1-1: Called Strike
1-2: Strikes out swinging
Top of the 1st over - 0 runs, 0 hits, 0 errors, 0 left on base; South Bend 0 - Lake County 0
BOTTOM OF THE 1ST
Lake County Captains batting - Pitching for South Bend Cubs : RHP Josbiel Palomar
Pitching: RHP Josbiel Palomar
Batting: RHB Walter Lester 0-0: Foul Ball, location: 2F
0-1: Ball
1-1: Ball
2-1: Ball
3-1: Foul Ball, location: 2F
3-2: SINGLE (Line Drive, 9S, EV 110.6 MPH)
Batting: RHB Bennie Lord 0-0: Ball
1-0: Ball
2-0: Called Strike
2-1: Ball
3-1: Foul Ball, location: 2F
3-2: Base on Balls
Walter Lester to second
Batting: LHB Glenn Martin 0-0: Fielders Choice at 2nd, 4-6 (Groundball, 34, EV 103.8 MPH)
Walter Lester to third
Batting: LHB Michael Obodo 0-0: Ball
1-0: Swinging Strike
1-1: Ball
2-1: Foul Ball, location: 2F
2-2: Foul Ball, location: 2F
2-2: Ground out 6-3 (Groundball, 6S, EV 70.6 MPH)
Walter Lester scores
Glenn Martin to second
Batting: SHB Landon Arnold 0-0: Foul Ball, location: 2F
0-1: Foul Ball, location: 2F
0-2: Ball
1-2: Foul Ball, location: 2F
1-2: Ground out U3 (Groundball, 3S, EV 85.6 MPH)
Bottom of the 1st over - 1 run, 1 hit, 0 errors, 1 left on base; South Bend 0 - Lake County 1
TOP OF THE 2ND
South Bend Cubs batting - Pitching for Lake County Captains : LHP Everett Haines
Batting: RHB Max Côté 0-0: Foul Ball, location: 2F
0-1: Swinging Strike
0-2: Strikes out looking
Batting: LHB Julian Keeny 0-0: Ball
1-0: Ball
2-0: Fly out, F8 (Flyball, 8LXD, EV 103.1 MPH)
Batting: RHB Yanuel Bello 0-0: Ball
1-0: Fly out, F9 (Flyball, 9, EV 90.6 MPH)
Top of the 2nd over - 0 runs, 0 hits, 0 errors, 0 left on base; South Bend 0 - Lake County 1
BOTTOM OF THE 2ND
Lake County Captains batting - Pitching for South Bend Cubs : RHP Josbiel Palomar
Batting: LHB Connor Young 0-0: Ball
1-0: Swinging Strike
1-1: Ball
2-1: Fly out, F4 (Flyball, 4D, EV 83.8 MPH)
Batting: LHB Hunter Dorsey 0-0: Ball
1-0: Ball
2-0: Foul Ball, location: 2F
2-1: Called Strike
2-2: Ground out 5-3 (Groundball, 5, EV 95.6 MPH)
Batting: RHB Joshua Wonderly 0-0: Swinging Strike
0-1: Ball
1-1: Foul Ball, location: 2F
1-2: Ground out 4-3 (Groundball, 34, EV 103.8 MPH)
Bottom of the 2nd over - 0 runs, 0 hits, 0 errors, 0 left on base; South Bend 0 - Lake County 1
TOP OF THE 3RD
South Bend Cubs batting - Pitching for Lake County Captains : LHP Everett Haines
Batting: LHB Karson Brown 0-0: Ball
1-0: Called Strike
1-1: Ball
2-1: Foul Ball, location: 2F
2-2: Ball
3-2: Base on Balls
Batting: LHB Vicente Briseno 0-0: Ball
1-0: Swinging Strike
1-1: Ball
2-1: Ball
3-1: Fly out, F7 (Flyball, 7LS, EV 93.8 MPH)
Batting: RHB Felipe De León 0-0: Foul Ball, location: 2F
0-1: Called Strike
0-2: Foul Ball, location: 2F
0-2: Strikes out swinging
Batting: LHB Jackson Zarate 0-0: SINGLE (Groundball, 6M, EV 101.2 MPH) (infield hit)
Karson Brown to second
Batting: RHB Anthony Woods 0-0: Called Strike
0-1: Ball
1-1: Ball
2-1: SINGLE (Line Drive, 6MD, EV 100.6 MPH)
Karson Brown to third
Jackson Zarate to second
Runner from 3rd tries for Home, SAFE, throw by CF to home
Batting: LHB Jason Perrilloux 0-0: Ball
1-0: Swinging Strike
1-1: Called Strike
1-2: Foul Ball, location: 2F
1-2: Strikes out swinging
Top of the 3rd over - 1 run, 2 hits, 0 errors, 2 left on base; South Bend 1 - Lake County 1
BOTTOM OF THE 3RD
Lake County Captains batting - Pitching for South Bend Cubs : RHP Josbiel Palomar
Batting: SHB Hulberto Rebolloso 0-0: Swinging Strike
0-1: Foul Ball, location: 2F
0-2: Ball
1-2: Strikes out swinging
Batting: RHB Walter Lester 0-0: Swinging Strike
0-1: SINGLE (Line Drive, 34D, EV 95.0 MPH)
Batting: RHB Bennie Lord 0-0: Called Strike
0-1: Ball
Walter Lester steals 2nd base
1-1: Swinging Strike
1-2: Strikes out looking
Batting: LHB Glenn Martin 0-0: Called Strike
0-1: Ball
1-1: Ground out 2-3 (Groundball, 15S, EV 66.9 MPH)
Bottom of the 3rd over - 0 runs, 1 hit, 0 errors, 1 left on base; South Bend 1 - Lake County 1
TOP OF THE 4TH
South Bend Cubs batting - Pitching for Lake County Captains : LHP Everett Haines
Batting: RHB Max Côté 0-0: Fly out, F9 (Line Drive, 9LS, EV 95.0 MPH)
Batting: LHB Julian Keeny 0-0: SINGLE (Line Drive, 4D, EV 100.0 MPH)
Batting: RHB Yanuel Bello 0-0: Ball
1-0: Called Strike
1-1: Foul Ball, location: 2F
Balk!
Julian Keeny to second
1-2: Ball
2-2: Foul Ball, location: 2F
2-2: Strikes out swinging
Batting: LHB Karson Brown 0-0: Ball
1-0: Called Strike
1-1: Foul Ball, location: 2F
1-2: Strikes out swinging
Top of the 4th over - 0 runs, 1 hit, 0 errors, 1 left on base; South Bend 1 - Lake County 1
BOTTOM OF THE 4TH
Lake County Captains batting - Pitching for South Bend Cubs : RHP Josbiel Palomar
Batting: LHB Michael Obodo 0-0: Called Strike
0-1: SINGLE (Groundball, 34D, EV 103.8 MPH)
Batting: SHB Landon Arnold 0-0: Fly out, F9 (Line Drive, 9S, EV 97.5 MPH)
Batting: LHB Connor Young 0-0: Ball
1-0: Ball
2-0: Fly out, F9 (Flyball, 89D, EV 100.6 MPH)
Batting: LHB Hunter Dorsey 0-0: Ball
1-0: Called Strike
1-1: Swinging Strike
1-2: Ball
2-2: Fly out, F8 (Line Drive, 8LM, EV 98.1 MPH)
Bottom of the 4th over - 0 runs, 1 hit, 0 errors, 1 left on base; South Bend 1 - Lake County 1
TOP OF THE 5TH
South Bend Cubs batting - Pitching for Lake County Captains : LHP Everett Haines
Batting: LHB Vicente Briseno 0-0: Called Strike
0-1: Ball
1-1: Swinging Strike
1-2: Fly out, F8 (Flyball, 8LS, EV 92.5 MPH)
Batting: RHB Felipe De León 0-0: Ball
1-0: Swinging Strike
1-1: Ball
2-1: Ball
3-1: Called Strike
3-2: Strikes out looking
Batting: LHB Jackson Zarate 0-0: Ball
1-0: Called Strike
1-1: Called Strike
1-2: Ball
2-2: Strikes out looking
Top of the 5th over - 0 runs, 0 hits, 0 errors, 0 left on base; South Bend 1 - Lake County 1
BOTTOM OF THE 5TH
Lake County Captains batting - Pitching for South Bend Cubs : RHP Josbiel Palomar
Batting: RHB Joshua Wonderly 0-0: Called Strike
0-1: Swinging Strike
0-2: Ball
1-2: Foul Ball, location: 2F
1-2: Ball
2-2: Ball
3-2: SINGLE (Groundball, 25, EV 62.5 MPH) (infield hit)
Batting: SHB Hulberto Rebolloso 0-0: Called Strike
0-1: Ball
1-1: Ball
2-1: Foul Ball, location: 2F
2-2: Foul Ball, location: 2F
2-2: Strikes out swinging
Batting: RHB Walter Lester 0-0: Ball
1-0: Foul Ball, location: 2F
1-1: Called Strike
1-2: Ball
2-2: Foul Ball, location: 2F
2-2: Foul Ball, location: 2F
2-2: Fly out, F8 (Flyball, 89D, EV 92.5 MPH)
Batting: RHB Bennie Lord 0-0: Ball
1-0: Foul Ball, location: 2F
1-1: Ball
2-1: Foul Ball, location: 2F
2-2: Foul Ball, location: 2F
2-2: Foul Ball, location: 2F
2-2: SINGLE (Groundball, 3D, EV 101.2 MPH)
Joshua Wonderly to second
Runner from 2nd tries for 3rd, SAFE, throw by RF made to third
Batting: LHB Glenn Martin 0-0: Called Strike
0-1: Ground out 5-3 (Groundball, 5S, EV 81.2 MPH)
Bottom of the 5th over - 0 runs, 2 hits, 0 errors, 2 left on base; South Bend 1 - Lake County 1
TOP OF THE 6TH
South Bend Cubs batting - Pitching for Lake County Captains : LHP Everett Haines
Batting: RHB Anthony Woods 0-0: Ball
1-0: Called Strike
1-1: Fly out, F8 (Flyball, 8RM, EV 90.0 MPH)
Batting: LHB Jason Perrilloux 0-0: Called Strike
0-1: Ball
1-1: Fly out, F7 (Flyball, 7S, EV 86.9 MPH)
Batting: RHB Max Côté 0-0: Ground out 5-3 (Groundball, 56S, EV 82.5 MPH)
Top of the 6th over - 0 runs, 0 hits, 0 errors, 0 left on base; South Bend 1 - Lake County 1
BOTTOM OF THE 6TH
Lake County Captains batting - Pitching for South Bend Cubs : RHP Josbiel Palomar
Batting: LHB Michael Obodo 0-0: Called Strike
0-1: Called Strike
0-2: Fly out, F5 (Popup, 5SF, EV 81.9 MPH)
Batting: SHB Landon Arnold 0-0: Called Strike
0-1: Ball
1-1: Called Strike
1-2: Strikes out swinging
Batting: LHB Connor Young 0-0: Called Strike
0-1: Ball
1-1: Foul Ball, location: 2F
1-2: Ball
2-2: Ball
3-2: Ground out U3 (Groundball, 3, EV 86.9 MPH)
Bottom of the 6th over - 0 runs, 0 hits, 0 errors, 0 left on base; South Bend 1 - Lake County 1
TOP OF THE 7TH
South Bend Cubs batting - Pitching for Lake County Captains : LHP Everett Haines
Batting: LHB Julian Keeny 0-0: Called Strike
0-1: Called Strike
0-2: Ball
1-2: Strikes out swinging
Batting: RHB Yanuel Bello 0-0: Called Strike
0-1: Called Strike
0-2: Ball
1-2: Foul Ball, location: 2F
1-2: Ball
2-2: DOUBLE (Line Drive, 9LM, EV 99.4 MPH)
Pitching: RHP Archer Echols
Batting: LHB Karson Brown 0-0: Fly out, F9 (Flyball, 9D, EV 105.6 MPH)
Runner from 2nd tags up, SAFE at 3rd, no throw by RF
Batting: LHB Vicente Briseno 0-0: Ball
1-0: Fly out, F5 (Line Drive, 56D, EV 75.6 MPH)
Top of the 7th over - 0 runs, 1 hit, 0 errors, 1 left on base; South Bend 1 - Lake County 1
BOTTOM OF THE 7TH
Lake County Captains batting - Pitching for South Bend Cubs : RHP Josbiel Palomar
Batting: LHB Hunter Dorsey 0-0: Called Strike
0-1: Ball
1-1: Swinging Strike
1-2: Strikes out swinging
Batting: RHB Joshua Wonderly 0-0: Called Strike
0-1: Ball
1-1: SINGLE (Line Drive, 7S, EV 91.9 MPH)
Pitching: RHP Kent Schumacher
Batting: SHB Hulberto Rebolloso 0-0: Called Strike
0-1: Foul Ball, location: 2F
0-2: Strikes out swinging
Batting: RHB Walter Lester 0-0: Ball
1-0: Ball
2-0: Ball
3-0: Base on Balls
Joshua Wonderly to second
Batting: RHB Bennie Lord 0-0: Ball
1-0: Ball
2-0: Called Strike
2-1: Swinging Strike
2-2: Strikes out swinging
Bottom of the 7th over - 0 runs, 1 hit, 0 errors, 2 left on base; South Bend 1 - Lake County 1
TOP OF THE 8TH
South Bend Cubs batting - Pitching for Lake County Captains : RHP Archer Echols
Pinch Hitting: LHB Bassam Arslan 0-0: Ball
1-0: Called Strike
1-1: Called Strike
1-2: Fly out, F7 (Flyball, 7D, EV 94.4 MPH)
Batting: LHB Jackson Zarate 0-0: Called Strike
0-1: Ball
1-1: Swinging Strike
1-2: Foul Ball, location: 2F
1-2: Strikes out swinging
Batting: RHB Anthony Woods 0-0: SOLO HOME RUN (Flyball, 7D, EV 105.6 MPH), Distance : 396 ft
Batting: LHB Jason Perrilloux 0-0: Ball
1-0: Ball
2-0: Called Strike
2-1: Called Strike
2-2: Strikes out swinging
Top of the 8th over - 1 run, 1 hit, 0 errors, 0 left on base; South Bend 2 - Lake County 1
BOTTOM OF THE 8TH
Lake County Captains batting - Pitching for South Bend Cubs : RHP Kent Schumacher
Now in LF: James Magnotta
Now in CF: Karson Brown
Batting: LHB Glenn Martin 0-0: Called Strike
0-1: Ball
1-1: Swinging Strike
1-2: Ground out 4-3 (Groundball, 4, EV 87.5 MPH)
Batting: LHB Michael Obodo 0-0: Called Strike
0-1: Swinging Strike
0-2: Ball
1-2: Fly out, F9 (Flyball, 9S, EV 83.8 MPH)
Batting: SHB Landon Arnold 0-0: Ground out 6-3 (Groundball, 56S, EV 75.6 MPH)
Bottom of the 8th over - 0 runs, 0 hits, 0 errors, 0 left on base; South Bend 2 - Lake County 1
TOP OF THE 9TH
South Bend Cubs batting - Pitching for Lake County Captains : RHP Archer Echols
Pitching: RHP Lysander Petty
Pinch Hitting: LHB T.J. Georgiou 0-0: Ground out 5-3 (Groundball, 5, EV 109.4 MPH)
Batting: LHB Julian Keeny 0-0: Ball
1-0: Ball
2-0: Called Strike
2-1: Fly out, F8 (Flyball, 8RD, EV 103.8 MPH)
Batting: RHB Yanuel Bello 0-0: Ball
1-0: Ball
2-0: Ball
3-0: Called Strike
3-1: Foul Ball, location: 2F
3-2: Ground out 1-3 (Groundball, 13S, EV 65.0 MPH)
Top of the 9th over - 0 runs, 0 hits, 0 errors, 0 left on base; South Bend 2 - Lake County 1
BOTTOM OF THE 9TH
Lake County Captains batting - Pitching for South Bend Cubs : RHP Kent Schumacher
Pitching: RHP Sammie Saravia
Now at C: Titus Fleming
Batting: LHB Connor Young 0-0: SINGLE (Groundball, 56D, EV 109.4 MPH)
Batting: LHB Hunter Dorsey 0-0: Ball
Balk!
Connor Young to second
1-0: Called Strike
1-1: Fly out, F9 (Line Drive, 9D, EV 86.2 MPH)
Runner from 2nd tags up, SAFE at 3rd, no throw by RF
Pinch Hitting: LHB Bogo Rodríguez 0-0: Called Strike
0-1: Called Strike
0-2: Ball
1-2: Strikes out swinging
Batting: SHB Hulberto Rebolloso 0-0: Ball
1-0: Called Strike
1-1: SINGLE (Line Drive, 9S, EV 102.5 MPH)
Connor Young scores
Batting: RHB Walter Lester 0-0: Ball
1-0: Called Strike
1-1: Foul Ball, location: 2F
1-2: Ball
Passed Ball!
Hulberto Rebolloso to second
2-2: Ball
3-2: Base on Balls
Batting: RHB Bennie Lord 0-0: Ball
1-0: Called Strike
1-1: Swinging Strike
1-2: Strikes out swinging
Bottom of the 9th over - 1 run, 2 hits, 0 errors, 2 left on base; South Bend 2 - Lake County 2
TOP OF THE 10TH
South Bend Cubs batting - Pitching for Lake County Captains : RHP Lysander Petty
Now at SS: Armando García
Batting: LHB Karson Brown 0-0: Called Strike
0-1: DOUBLE (Line Drive, 9LM, EV 111.9 MPH)
Batting: LHB Vicente Briseno 0-0: Ball
1-0: Ball
2-0: Called Strike
2-1: Called Strike
2-2: SINGLE (Line Drive, 78S, EV 90.0 MPH)
Karson Brown to third
Batting: SHB James Magnotta 0-0: Called Strike
0-1: Foul Ball, location: 2F
0-2: Ball
1-2: Ball
2-2: SINGLE (Groundball, 6M, EV 81.2 MPH) (infield hit)
Karson Brown scores
Vicente Briseno to second
Batting: LHB Jackson Zarate 0-0: Sac Bunt to P - play at first, batter OUT! 1-4
Vicente Briseno to third
James Magnotta to second
Batting: RHB Anthony Woods 0-0: Ball
1-0: SINGLE (Flyball, 89S, EV 98.1 MPH)
Vicente Briseno scores
James Magnotta to third
Runner from 3rd tries for Home, SAFE, throw by RF to home
Batting: LHB Jason Perrilloux 0-0: Grounds into double play, 5-4-3 (Groundball, 25, EV 88.1 MPH)
Top of the 10th over - 3 runs, 4 hits, 0 errors, 0 left on base; South Bend 5 - Lake County 2
BOTTOM OF THE 10TH
Lake County Captains batting - Pitching for South Bend Cubs : RHP Sammie Saravia
Pitching: RHP Dominic Hardin
Batting: LHB Glenn Martin 0-0: Called Strike
0-1: Fly out, F8 (Flyball, 8RD, EV 82.5 MPH)
Batting: LHB Michael Obodo 0-0: Ball
1-0: Called Strike
1-1: Foul Ball, location: 2F
1-2: SINGLE (Groundball, 34S, EV 75.6 MPH) (infield hit)
Batting: SHB Landon Arnold 0-0: Ball
Pickoff Throw to First - Out! 1-3
1-0: Ground out 3-1 (Groundball, 34, EV 88.1 MPH)
Bottom of the 10th over - 0 runs, 1 hit, 0 errors, 0 left on base; South Bend 5 - Lake County 2
Wednesday, April 24th , 2024 - OOTP Baseball 24.11 Build 85